 Dungeon Crawl Stone Soup version 0.31.0-11-ge490571c62 (webtiles) character file.

Game seed: 6272600410682994164

56 qw the Shooter (level 3, 0/18 HPs)
             Began as a Spriggan Hunter on Feb 4, 2024.
             Succumbed to their own poison gas
             ... on level 2 of the Dungeon.
             The game lasted 00:00:05 (1327 turns).

qw the Shooter (Spriggan Hunter)                    Turns: 1327, Time: 00:00:05

Health: 0/18       AC:  2    Str:  7    XL:     3   Next: 71%
Magic:  4/4        EV: 19    Int: 10    God:
Gold:   134        SH:  0    Dex: 20    Spells: 2/2 levels left

rFire   . . .        a - +1 shortbow
rCold   . . .        (shield currently unavailable)
rNeg    . . .        c - +0 robe
rPois   .            (helmet restricted)
rElec   .            (no cloak)
rCorr   .            (gloves unavailable)
SInv    +            (boots unavailable)
Will    +....        (no amulet)
Stlth   ++           (no ring)
HPRegen 0.23/turn    (no ring)
MPRegen 0.09/turn

%: no passive effects
@: brilliant, lethally poisoned (0 -> -6), enlightened, flying, very quick
A: very small, no large weapons, unfitting armour, see invisible, speed 3
a: no special abilities


You were on level 2 of the Dungeon.
You visited 1 branch of the dungeon, and saw 2 of its levels.

You collected 134 gold pieces.


Innate Abilities, Weirdness & Mutations

You are very small and have problems with some larger weapons.
You are too small for most types of armour.
You have supernaturally acute eyesight. (SInv)
You cover ground extremely quickly. (Speed+++)


   Skills:
 - Level 1.5 Fighting
 + Level 4.9 Ranged Weapons
 - Level 4.0 Dodging
 - Level 1.5 Stealth


You had 2 spell levels left.
You didn't know any spells.
Your spell library was empty.

Inventory:

Hand Weapons
 a - a +1 shortbow (weapon)
Armour
 c - a +0 robe (worn)
Potions
 f - a potion of might
 i - a potion of enlightenment

Dungeon Overview and Level Annotations

Branches:
Dungeon (2/15)

Altars:

Shops:
D:1 ?


Message History

You feel clever all of a sudden.
Done exploring.
1312 ||| DRINKING 2 yellow potions.
It was a potion of enlightenment.
You feel very buoyant.
You fly up into the air.
Done exploring.
1313 ||| DROPPING potion of brilliance.
You drop a potion of brilliance.
Done exploring.
What level of the Dungeon? (default 2, ? - help) Sorry, I don't know how to get there.
Enter note:
Enter note:
Enter note:
Enter note:
Enter note:
Enter note:
Enter note:
Enter note:
Enter note: You are engulfed in poison gas.
You are poisoned.
You feel very sick.
1315 ||| Stepping ~*~*~tactically~*~*~ (cloud).
You feel sick.
You see here a potion of brilliance.
1316 ||| DRINKING potion of curing.
You feel better.
1316 ||| (to cure poison)
You start resting.
HP restored.
You are engulfed in poison gas.
You are poisoned.
You feel very sick.
1323 ||| Stepping ~*~*~tactically~*~*~ (cloud).
You feel sick.
There is a lethal amount of poison in your body!
You feel very sick.
There is a lethal amount of poison in your body!
You feel sick.
There is a lethal amount of poison in your body!
You feel sick.
There is a lethal amount of poison in your body!
You die...

......+........+..># #.#
......#........###.###.#
......'................#
......#...########.#####
......#........0.#.#
..)...#|.....###0#.#
......##.....# #.#.###
......##.....###!#...##
.....###.....##~@#.#..#
.......#.....##~.#.~~.###
.......).....~~~..~~.##<#
.......###.~~.0#.~~##.#.#
.......# ###~0##.#.#.##.#
######## ##0~~.#0.....#
###~0~.#.#### ##.#.#.~#
#### #.#..~~#


There were no monsters in sight!

Vanquished Creatures
  An adder (D:2)
  5 dart slugs
  3 endoplasms
  5 goblins
  3 hobgoblins (D:1)
  6 ball pythons
  2 bats (D:1)
  A frilled lizard (D:1)
  6 kobolds
  5 rats
37 creatures vanquished.

Notes
Turn   | Place    | Note
-------+----------+-------------------------------------------
     0 | D:1      | qw the Spriggan Hunter began the quest for the Orb.
     0 | D:1      | Reached XP level 1. HP: 10/10 MP: 2/2
     0 | D:1      | 0 ||| qw: Version: 0.3-a-160-g6735b56
     0 | D:1      | 0 ||| qw: Game counter: 5166
     0 | D:1      | 0 ||| qw: Melee chars always use a shield: true
     0 | D:1      | 0 ||| qw: God list: Okawaru
     0 | D:1      | 0 ||| qw: Allow faded altars: false
     0 | D:1      | 0 ||| qw: Do Orc after clearing Dungeon:15 true
     0 | D:1      | 0 ||| qw: Do second Lair branch before Depths: true
     0 | D:1      | 0 ||| qw: Lair rune preference: random
     0 | D:1      | 0 ||| qw: Goals: Normal
     0 | D:1      | 0 ||| PLANNING D:1-11
    31 | D:1      | Reached skill level 3 in Dodging
   165 | D:1      | Found Tedwyonoo's Magic Scroll Shop.
   169 | D:1      | 169 ||| SHOPLISTING scroll of brand weapon (114 gold, have
                  | 0).
   169 | D:1      | 169 ||| SHOPLISTING scroll of enchant weapon (90 gold, have
                  | 0).
   169 | D:1      | 169 ||| SHOPLISTING scroll of identify (24 gold, have 0).
   183 | D:1      | Reached XP level 2. HP: 11/14 MP: 3/3
   284 | D:1      | 284 ||| RETREEEEATING.
   435 | D:1      | Reached XP level 3. HP: 18/18 MP: 4/4
   846 | D:1      | 846 ||| READING scroll labelled KOYH YBLAU.
   850 | D:1      | 850 ||| READING scroll labelled WYARIPHICIX.
   850 | D:1      | 850 ||| IDENTIFYING red potion
   851 | D:1      | 851 ||| READING scroll labelled YBRUEZ ERRIL.
   851 | D:1      | 851 ||| ENCHANTING +0 shortbow.
   852 | D:1      | 852 ||| READING 2 scrolls labelled TUH VAPYMAOPP.
   853 | D:1      | 853 ||| DRINKING 2 murky orange potions.
   854 | D:1      | 854 ||| DROPPING scroll of butterflies.
   855 | D:1      | 855 ||| DROPPING potion of lignification.
   856 | D:1      | 856 ||| DROPPING scroll of immolation.
   887 | D:2      | Identified the +3 dagger "Xaduumicw" {chaos, ^Fragile rElec
                  | Dex+7}
  1307 | D:2      | 1307 ||| READING scroll of identify.
  1307 | D:2      | 1307 ||| IDENTIFYING inky potion
  1308 | D:2      | 1308 ||| READING scroll labelled WEPNAMY UTUXTO.
  1308 | D:2      | 1308 ||| ENCHANTING +0 shortbow.
  1309 | D:2      | 1309 ||| READING scroll labelled MACVOO ZEMAEWK.
  1310 | D:2      | 1310 ||| READING scroll labelled NEIS SARE PIBUO.
  1311 | D:2      | 1311 ||| DRINKING 2 black potions.
  1312 | D:2      | 1312 ||| DRINKING 2 yellow potions.
  1313 | D:2      | 1313 ||| DROPPING potion of brilliance.
  1315 | D:2      | 1315 ||| Stepping ~*~*~tactically~*~*~ (cloud).
  1316 | D:2      | 1316 ||| DRINKING potion of curing.
  1316 | D:2      | 1316 ||| (to cure poison)
  1323 | D:2      | 1323 ||| Stepping ~*~*~tactically~*~*~ (cloud).
  1325 | D:2      | HP: 3/18 [poisoned by you (poison gas)]
  1327 | D:2      | Succumbed to their own poison gas

Levels and vault maps discovered:
D:1:      lemuel_arrival_funnel, layout_basic, serial_shops,
          nicolae_shop_back_alley_shop, minmay_vboxes
D:2:      layout_basic, chequers_serial_rivers_small_b, kennysheep_another_room

Skill      XL: |  1  2 |
---------------+-------+-----
Dodging        | 3 4 |  4.0
Fighting       | |  1.5
Ranged Weapons | |  4.9
Stealth        | |  1.5

Action                     || total
---------------------------++-------
   Fire: Shortbow          ||   101
    Use: Scroll            ||     8
         Potion            ||     4
 Armour: Robe              ||    10
  Dodge: Dodged            ||    33

Table legend:
 A = Non-vault XP
 B = Vault XP
 C = Vault XP percentage of total XP
 D = Non-vault monster count
 E = Vault monster count
 F = Vault count percentage of total count
                 A         B        C        D         E       F
            +---------+---------+-------+---------+---------+-------
      Total |      65 |      16 |  19.8 |      30 |       7 |  18.9
            +---------+---------+-------+---------+---------+-------
        D:1 |      32 |      16 |  33.3 |      18 |       7 |  28.0
        D:2 |      33 |       0 |   0.0 |      12 |       0 |   0.0
            +---------+---------+-------+---------+---------+-------
